 Dungeon Crawl Stone Soup version 0.31-a0-175-g9f7f995f2b (webtiles) character file.

Game seed: 1559312540561628198

308 qw the Chopper (level 6, -2/37 HPs)
             Began as a Gargoyle Fighter on June 17, 2023.
             Killed by nerve-wracking pain
             ... invoked by Jessica
              (6 damage)
             ... on level 3 of the Dungeon.
             The game lasted 00:01:20 (1945 turns).

qw the Chopper (Gargoyle Fighter)                   Turns: 1945, Time: 00:01:21

Health: -2/37      AC:  0    Str: 22    XL:     6   Next: 40%
Magic:  6/6        EV: 18    Int:  8    God:
Gold:   109        SH:  0    Dex: 14    Spells: 5/5 levels left

rFire   . . .        Y - melded +0 war axe
rCold   . . .        c - melded +0 buckler
rNeg    + . .        e - melded +0 chain mail
rPois   inf          (helmet currently unavailable)
rElec   .            (cloak currently unavailable)
rCorr   .            i - melded +0 pair of gloves
SInv    .            (boots currently unavailable)
Will    .....        (no amulet)
Stlth   +            a - melded +4 ring of slaying {mikee}
HPRegen 0.26/turn    l - melded +6 ring of dexterity
MPRegen 0.10/turn

%: no passive effects
@: bat-form, flying, very quick
A: fast, flying, no casting, sickness immunity, AC +4, tiny, negative energy
resistance 1, (electricity resistance), torment resistance 1, petrification
resistance
a: no special abilities


You were on level 3 of the Dungeon.
You were a bat.
You visited 1 branch of the dungeon, and saw 3 of its levels.

You collected 109 gold pieces.


Innate Abilities, Weirdness & Mutations

You are a bat.
You are tiny and dextrous.
You move quickly.
You are flying.
Your equipment is almost entirely melded.
You are incapable of wielding weapons or throwing items.
You cannot cast spells.
You are immune to sickness and miasma.
((Your stone body is resilient. (AC +4)))
You are immune to poison.
You resist negative energy. (rN+)
((You are resistant to electric shocks. (rElec)))
You are resistant to unholy torment.
You are immune to petrification.


   Skills:
 + Level 3.3 Fighting
 - Level 5.7 Axes
 - Level 3.2 Armour
 - Level 1.2 Dodging
 - Level 3.2 Shields


You had 5 spell levels left.
You didn't know any spells.
Your spell library was empty.

Inventory:

Hand Weapons
 h - a +0 whip
 Y - a +0 war axe (melded)
Armour
 b - a +0 helmet
 c - a +0 buckler (melded)
 e - a +0 chain mail (melded)
 i - a +0 pair of gloves (melded)
Jewellery
 a - a +4 ring of slaying (melded) {mikee}
 l - a +6 ring of dexterity (melded)
Scrolls
 f - 4 scrolls of identify
Potions
 d - a potion of might
 j - a potion of magic {unknown}
 k - a potion of mutation {unknown}

Dungeon Overview and Level Annotations

Branches:
Dungeon (3/15)

Altars:
Yredelemnul

Annotations:
D:3 Jessica


Message History

Jessica is nearby!
Jessica closely misses you.
You hit Jessica but do no damage.
Jessica is severely wounded.
Jessica hits you with a +0 dagger.
You hit Jessica but do no damage.
Jessica is severely wounded.
Jessica closely misses you. Jessica barely misses you.
You hit Jessica but do no damage.
Jessica is severely wounded.
Jessica closely misses you.
You completely miss Jessica.
Jessica is severely wounded.
Jessica misses you.
You hit Jessica but do no damage.
Jessica is severely wounded.
Jessica hits you with a +0 dagger!
You hit Jessica but do no damage.
Jessica is severely wounded.
Jessica misses you. x2
You hit Jessica but do no damage.
Jessica is severely wounded.
Jessica misses you.
You hit Jessica but do no damage.
Jessica is severely wounded.
Jessica hits you with a +0 dagger!
You hit Jessica but do no damage.
Jessica is severely wounded.
Jessica barely misses you. Jessica hits you with a +0 dagger.
You hit Jessica.
Jessica is almost dead.
Jessica hits you with a +0 dagger.
You barely miss Jessica.
Jessica is almost dead.
Jessica misses you.
You hit Jessica but do no damage.
Jessica is almost dead.
Jessica gestures at you while chanting. Pain shoots through your body!
You die...

.###########.# #######.#
#.......#
#.#####.#####.######.
#....................
#..####..####.#######
#..##.........##
?[.......###...#
#.........@b..#.##
#..#####.#.##.##.#
#........##.#.#.##
#.........##...#
...#####.###)#############
...#####.###..............
.............#.#.########
..#####.###..............
#.# #..#.#.########


You could see Jessica (fast).

Vanquished Creatures
  Sigmund (D:2)
  Ijyb (D:3)
  Robin (D:3)
  3 adders (D:2)
  3 worms
  3 ball pythons (D:1)
  5 endoplasms
  8 giant cockroaches
  10 goblins
  10 hobgoblins
  3 jackals (D:2)
  6 quokkas
  4 bats
  2 frilled lizards
  5 kobolds
  2 rats
67 creatures vanquished.

Notes
Turn   | Place    | Note
-------+----------+-------------------------------------------
     0 | D:1      | qw the Gargoyle Fighter began the quest for the Orb.
     0 | D:1      | Reached XP level 1. HP: 14/14 MP: 1/1
     0 | D:1      | 0 ||| qw: Version: 0.3-a-3-g30531e4
     0 | D:1      | 0 ||| qw: Game counter: 418
     0 | D:1      | 0 ||| qw: Always use a shield: true
     0 | D:1      | 0 ||| qw: God list: Okawaru
     0 | D:1      | 0 ||| qw: Allow faded altars: false
     0 | D:1      | 0 ||| qw: Do Orc after D:15 true
     0 | D:1      | 0 ||| qw: Do second Lair branch before Depths: true
     0 | D:1      | 0 ||| qw: Lair rune preference: random
     0 | D:1      | 0 ||| qw: Plans: Normal, Zot:1-4, Slime:5, God:TSO, Crypt,
                  | Tomb, Abyss, Pan, Hells, Win
     0 | D:1      | 0 ||| PLANNING D:1-11
    69 | D:1      | Reached skill level 2 in Axes
   120 | D:1      | Reached XP level 2. HP: 14/19 MP: 2/2
   296 | D:1      | 296 ||| Stepping ~*~*~tactically~*~*~ (stealth).
   379 | D:1      | 379 ||| Stepping ~*~*~tactically~*~*~ (stealth).
   469 | D:1      | Reached skill level 3 in Axes
   667 | D:1      | Reached XP level 3. HP: 23/23 MP: 3/3
   953 | D:1      | 953 ||| UPGRADING to +0 pair of gloves.
   958 | D:1      | 958 ||| READING scroll labelled JEMACI FASMAOQ.
   961 | D:1      | 961 ||| READING 5 scrolls labelled FUIWOLAFEIGG.
   962 | D:1      | 962 ||| READING 4 scrolls of identify.
   962 | D:1      | 962 ||| IDENTIFYING golden potion
  1196 | D:2      | Reached XP level 4. HP: 28/28 MP: 4/4
  1199 | D:2      | 1199 ||| Stepping ~*~*~tactically~*~*~ (stealth).
  1206 | D:2      | 1206 ||| FLEEEEING.
  1221 | D:2      | Found a basalt altar of Yredelemnul.
  1307 | D:2      | Reached skill level 4 in Axes
  1406 | D:2      | 1406 ||| Stepping ~*~*~tactically~*~*~ (stealth).
  1410 | D:2      | 1410 ||| Stepping ~*~*~tactically~*~*~ (stealth).
  1454 | D:2      | Noticed Sigmund
  1455 | D:2      | 1455 ||| Stepping ~*~*~tactically~*~*~ (hiding).
  1457 | D:2      | 1457 ||| Stepping ~*~*~tactically~*~*~ (hiding).
  1458 | D:2      | 1458 ||| Stepping ~*~*~tactically~*~*~ (hiding).
  1459 | D:2      | 1459 ||| Stepping ~*~*~tactically~*~*~ (hiding).
  1460 | D:2      | 1460 ||| Stepping ~*~*~tactically~*~*~ (hiding).
  1486 | D:2      | HP: 6/28 [something (4)]
  1488 | D:2      | 1488 ||| DRINKING 2 potions of heal wounds.
  1490 | D:2      | Killed Sigmund
  1491 | D:2      | Reached skill level 5 in Axes
  1491 | D:2      | Reached XP level 5. HP: 23/32 MP: 5/5
  1491 | D:2      | Reached XP level 6. HP: 27/37 MP: 6/6
  1564 | D:2      | 1564 ||| UPGRADING to +0 chain mail.
  1574 | D:2      | 1574 ||| DROPPING +0 scale mail.
  1575 | D:2      | 1575 ||| UPGRADING to +4 ring of slaying {mikee}.
  1576 | D:2      | 1576 ||| UPGRADING to +6 ring of dexterity.
  1577 | D:2      | 1577 ||| READING scroll labelled BIZXUU IROXU.
  1578 | D:2      | 1578 ||| READING scroll labelled ZELYUT JEZEGI.
  1579 | D:2      | 1579 ||| READING scroll labelled DUOM FIOSMO.
  1580 | D:2      | 1580 ||| READING 5 scrolls of identify.
  1580 | D:2      | 1580 ||| IDENTIFYING fuming coppery potion
  1581 | D:2      | 1581 ||| DROPPING potion of berserk rage.
  1594 | D:3      | 1594 ||| Stepping ~*~*~tactically~*~*~ (hiding).
  1603 | D:3      | Noticed Robin
  1620 | D:3      | Killed Robin
  1752 | D:3      | Noticed Ijyb
  1753 | D:3      | 1753 ||| Stepping ~*~*~tactically~*~*~ (hiding).
  1765 | D:3      | Killed Ijyb
  1766 | D:3      | Reached skill level 1 in Dodging
  1779 | D:3      | 1779 ||| Stepping ~*~*~tactically~*~*~ (stealth).
  1799 | D:3      | 1799 ||| Stepping ~*~*~tactically~*~*~ (stealth).
  1800 | D:3      | 1800 ||| Stepping ~*~*~tactically~*~*~ (stealth).
  1803 | D:3      | 1803 ||| Stepping ~*~*~tactically~*~*~ (stealth).
  1873 | D:3      | Noticed Jessica
  1879 | D:3      | 1879 ||| FLEEEEING.
  1880 | D:3      | 1880 ||| FLEEEEING.
  1881 | D:3      | 1881 ||| FLEEEEING.
  1882 | D:3      | 1882 ||| FLEEEEING.
  1883 | D:3      | 1883 ||| FLEEEEING.
  1884 | D:3      | 1884 ||| FLEEEEING.
  1915 | D:3      | HP: 8/37 [Jessica/+0 dagger (4)]
  1916 | D:3      | 1916 ||| DRINKING potion of heal wounds.
  1931 | D:3      | 1931 ||| Stepping ~*~*~tactically~*~*~ (hiding).
  1942 | D:3      | HP: 8/37 [Jessica/+0 dagger (6)]
  1943 | D:3      | HP: 3/37 [Jessica/+0 dagger (5)]
  1945 | D:3      | Killed from afar by Jessica

Levels and vault maps discovered:
D:1:      minmay_arrival_loop, layout_basic
D:2:      layout_rooms, basic_altar, serial_park_tiny_pond, uniq_sigmund
D:3:      layout_loops_ring, uniq_jessica, uniq_robin, uniq_ijyb, uniq_grinder

Skill      XL: |  1  2  3  4  5  6 |
---------------+-------------------+-----
Axes           | 2 3 5 |  5.7
Dodging        | 1 |  1.2
Fighting       | |  3.3
Armour         | |  3.2
Shields        | |  3.2

Action                     |  1- 3 |  4- 6 || total
---------------------------+-------+-------++-------
  Melee: War axe           |    87 |   111 ||   198
         Unarmed           |       |    31 ||    31
    Use: Scroll            |     3 |     4 ||     7
         Potion            |       |     2 ||     2
 Armour: Scale mail        |    48 |    39 ||    87
         Chain mail        |       |    19 ||    19
  Dodge: Dodged            |    37 |    61 ||    98
  Block: Buckler           |     9 |    17 ||    26

Table legend:
 A = Non-vault XP
 B = Vault XP
 C = Vault XP percentage of total XP
 D = Non-vault monster count
 E = Vault monster count
 F = Vault count percentage of total count
                 A         B        C        D         E       F
            +---------+---------+-------+---------+---------+-------
      Total |     141 |     299 |  68.0 |      55 |      12 |  17.9
            +---------+---------+-------+---------+---------+-------
        D:1 |      34 |       0 |   0.0 |      20 |       0 |   0.0
        D:2 |      97 |     231 |  70.4 |      32 |       1 |   3.0
        D:3 |      10 |      68 |  87.2 |       3 |      11 |  78.6
            +---------+---------+-------+---------+---------+-------
